 Dungeon Sprint DCSS version 0.31-a0-841-g038b102fc3 (webtiles) character file.

Game seed: 2928468443816946456

9 sircluck the Ruffian (level 2, -1/31 HPs)
             Began as a Troll Berserker on Sept 27, 2023.
             Was a Follower of Trog.
             Slain by a redback (16 damage)
             ... in the Dungeon (Sprint VII: "The Pits").
             The game lasted 00:00:14 (69 turns).

sircluck the Ruffian (Troll Berserker)                Turns: 69, Time: 00:00:15

Health: -1/31      AC:  4    Str: 24    XL:     2   Next: 3%
Magic:  1/1        EV: 10    Int:  3    God:    Trog [*.....]
Gold:   0          SH:  0    Dex:  9    Spells: 1/1 levels left

rFire   . .          .
                       - Unarmed
rCold   . . .        (no shield)
rNeg    . . .        a - +0 animal skin
rPois   .            (helmet restricted)
rElec   .            (no cloak)
rCorr   .            (gloves unavailable)
SInv    .            (boots unavailable)
Will    .....        (no amulet)
Stlth   +            (no ring)
HPRegen 1.05/turn    (no ring)
MPRegen 0.07/turn

%: no teleportation
@: lethally poisoned (-1 -> -30)
A: large, unfitting armour, claws 3, regeneration 1, shaggy fur 1, tough skin 1
a: Renounce Religion, Berserk


You were in the Dungeon.
You worshipped Trog.
Trog was aware of your devotion.
You visited 1 branch

Inventory:

Armour
 a - a +0 animal skin (worn)
Scrolls
 g - a scroll of blinking
Potions
 b - a potion of curing
 c - a potion of heal wounds
 d - a potion of haste
 e - 2 potions of magic
 f - a potion of berserk rage


   Skills:
 + Level 3.1 Fighting
 + Level 3.1 Dodging
 + Level 3.8 Unarmed Combat


You had one spell level left.
You didn't know any spells.
Your spell library was empty.

Dungeon Overview and Level Annotations

Branches:
Dungeon (1/1)

Altars:


Innate Abilities, Weirdness & Mutations

You are too large for most types of armour.
You have claws for hands.
Your natural rate of healing is unusually fast.
You are covered in fur. (AC +1)
You have tough skin. (AC +1)


Message History

There is an open door to the Entrance Hall (Safe) here.
You open the door.
A river rat comes into view.
There is an open door to the Storerooms (Easy) here.
You scratch the river rat.
The river rat is heavily wounded.
You barely miss the river rat.
The river rat is heavily wounded.
The river rat barely misses you.
You claw the river rat!
You kill the river rat!
Trog accepts your kill.
Your Fighting skill increases to level 3!
Your Dodging skill increases to level 3!
You have reached level 2!
Unknown command.
You open the huge gate.
There is a huge open gate to the Metal Vault (Medium) here.
There is a huge open gate to the Metal Vault (Medium) here.
There is a huge open gate to the Metal Vault (Medium) here.
There is a huge open gate to the Metal Vault (Medium) here.
You open the huge gate.
There is a huge open gate leading to the Armoury (Hard) here.
A redback comes into view.
There is a huge open gate here.
There is a huge open gate leading to the Armoury (Hard) here.
You claw the redback!
The redback is moderately wounded.
The redback bites you but does no damage.
You barely miss the redback.
The redback is moderately wounded.
The redback closely misses you. The redback bites you.
You are lethally poisoned!
The redback poisons you!
You scratch the redback. You claw the redback!
The redback is almost dead.
You feel extremely sick. The redback bites you!
Ouch! That really hurt!
You die...

##########++###### ###
#................# ..# +
#......#..#......##..#
#####.##................''..#
.......'.......@s.......''..#
##+#####......#..#......##......
#................# ......
####'#####''###### ######
#.......##''#####
#.......##......#
#.......##......#
#...<...###....## #.......#
##++##


You could see a redback.

Vanquished Creatures
  A river rat (D)
1 creature vanquished.

Notes
Turn   | Place    | Note
-------+----------+-------------------------------------------
     0 | D        | sircluck the Troll Berserker began the quest for the Orb.
     0 | D        | Reached XP level 1. HP: 22/22 MP: 0/0
    22 | D        | Reached XP level 2. HP: 31/31 MP: 1/1
    56 | D        | Noticed a redback
    69 | D        | Slain by a redback

Illustrated notes

Levels and vault maps discovered:
D:        pitsprint [storerooms_1, entrance_room_1, metal_vault_2, armoury_2,
          mini_pit_1, grid_room_1, main_hall_1, silver_pit, the_coven_2,
          the_vestibule_1, steel_vault_4, golden_pit, hallway_of_sentries,
          crystal_vault_1, iron_vault_5, final_vault]

Skill      XL: |  1 |
---------------+----+-----
Fighting       | 3 |  3.1
Dodging        | 3 |  3.1
Unarmed Combat | |  3.8

Action                     || total
---------------------------++-------
  Melee: Unarmed           ||     6
         Punch             ||     1
 Armour: Animal skin       ||     3
  Dodge: Dodged            ||     2

Table legend: (Time is in decaauts)
 A = Elapsed time spent in this place.
 B = Non-inter-level travel time spent in this place.
 C = Inter-level travel time spent in this place.
 D = Time resting spent in this place.
 E = Time spent auto-exploring this place.
 F = Levels seen in this place.
 G = Mean time per level.
                   A        B        C        D        E       F      G
               +--------+--------+--------+--------+--------+-----+--------+
         Total |     68 |     68 |      0 |      0 |      0 |   1 |   68.0 |
       Dungeon |     68 |     68 |      0 |      0 |      0 |   1 |   68.0 |
               +--------+--------+--------+--------+--------+-----+--------+

Top non-repeatable levels by time:
       D: 68 daAuts
